[Event "*** Titled Tuesday Blitz"]
[Site "Chess.com"]
[Date "2018.04.03"]
[Round "3"]
[White "Mikhail_Golubev"]
[Black "julinha97"]
[Result "0-1"]
[WhiteElo "2268"]
[BlackElo "2230"]
[TimeControl "180+2"]
[EndTime "13:34:44 PDT"]
[Termination "julinha97 won by resignation"]

1. e4 c5 2. Nf3 d6 3. d4 cxd4 4. Nxd4 Nf6 5. Nc3 g6 6. Be3 Bg7 7. f3 O-O 8. Qd2 Nc6 9. O-O-O d5 10. Qe1 e5 11. Nxc6 bxc6 12. exd5 Nxd5 13. Bc4 Be6 14.
Kb1 a5 15. Bc5 Re8 16. Ne4 f5 17. Nd6 Rf8 18. g4 Rb8 19. gxf5 gxf5 20. Rg1 Qf6 21.
Qf2 Kh8 22. Rg3 e4 23. Bd4 Nc3+ 24. Ka1 Nxd1 25. Rxg7 Nxf2 0-1

[Event "*** Titled Tuesday Blitz"]
[Site "Chess.com"]
[Date "2018.04.03"]
[Round "3"]
[White "Firouzja2003"]
[Black "pKiLz5Rn9b"]
[Result "0-1"]
[WhiteElo "2741"]
[BlackElo "2645"]
[TimeControl "180+2"]
[EndTime "13:35:02 PDT"]
[Termination "pKiLz5Rn9b won by resignation"]

1. d4 Nf6 2. c4 e6 3. Nf3 d5 4. g3 Bb4+ 5. Bd2 Be7 6. Bg2 O-O 7.
O-O c6 8. Qc2 Ne4 9. Nc3 Nxd2 10. Nxd2 Nd7 11. e4 dxe4 12. Ndxe4 f5 13. Nd2 e5 14. d5 e4 15. Rad1 Qc7 16. Nb3 Ne5 17.
Nd4 Bf6 18. d6 Qd8 19. d7 Qxd7 20. Bh3 Qf7 21. Nce2 g6 22. b3 Bd7 23. Nf4 Rad8 24. Bg2 Bc8 25. Nde2 g5 26. Nh3 Qh5 27. Rxd8 Rxd8 28.
Rd1 Rxd1+ 29. Qxd1 f4 30. Qd6 Qxe2 31. Kh1 Nf3 0-1

[Event "*** Titled Tuesday Blitz"]
[Site "Chess.com"]
[Date "2018.04.03"]
[Round "3"]
[White "matiss90"]
[Black "Jbd735"]
[Result "1-0"]
[WhiteElo "2359"]
[BlackElo "2218"]
[TimeControl "180+2"]
[EndTime "13:35:02 PDT"]
[Termination "matiss90 won by resignation"]

1. e4 e5 2. Nf3 Nc6 3. Bb5 a6 4. Ba4 Nf6 5. O-O Be7 6. d3 b5 7. Bb3 d6 8. c3 O-O 9. Nbd2 h6 10. Re1 Re8 11. Nf1 Bf8 12. h3 Na5 13. Bc2 c5 14. a4 Bb7 15. N1h2 d5 16. axb5 axb5 17. Ng4 Nxg4 18. hxg4 d4 19. g5 hxg5 20. Nxg5 Be7 21.
Nxf7 Kxf7 22. b4 cxb4 23. Rxa5 Rxa5 24. Bb3+ Qd5 25. exd5 Bd6 1-0

[Event "*** Titled Tuesday Blitz"]
[Site "Chess.com"]
[Date "2018.04.03"]
[Round "3"]
[White "XDPS"]
[Black "TregubovP"]
[Result "0-1"]
[WhiteElo "2571"]
[BlackElo "2496"]
[TimeControl "180+2"]
[EndTime "13:35:04 PDT"]
[Termination "TregubovP won by resignation"]

1. e4 c5 2. Nf3 e6 3. d4 cxd4 4.
Nxd4 Nc6 5. Nc3 Nf6 6. Ndb5 Bb4 7. a3 Bxc3+ 8. Nxc3 d5 9. Bd3 d4 10. Ne2 e5 11. O-O O-O 12. Ng3 Bg4 13. f3 Be6 14. f4 exf4 15. Rxf4 Ne5 16. Bd2 Nfg4 17.
Qe2 Qb6 18. b4 Rac8 19. h3 Nxd3 20. cxd3 Ne5 21. Be1 Rfd8 22. Nf5 Bxf5 23. Rxf5 f6 24. Bg3 Nxd3 25. Rd1 Nc1 26. Qg4 d3+ 27. Kh2 Ne2 28. Rc5 Rxc5 29. bxc5 Qb3 30. Bc7 Qxd1 0-1

[Event "*** Titled Tuesday Blitz"]
[Site "Chess.com"]
[Date "2018.04.03"]
[Round "3"]
[White "Indianlad"]
[Black "olomi007"]
[Result "1-0"]
[WhiteElo "2771"]
[BlackElo "2545"]
[TimeControl "180+2"]
[EndTime "13:35:08 PDT"]
[Termination "Indianlad won by resignation"]

1. d4 Nf6 2. Nf3 e6 3. c4 d5 4. Nc3 Nbd7 5. e3 b6 6. b3 Bb7 7. Bb2 Bd6 8. cxd5 exd5 9. Nb5 Bb4+ 10. Bc3 Be7 11. Bb2 O-O 12. Bd3 a6 13. Nc3 Re8 14.
O-O Bd6 15. Rc1 Ne4 16. Rc2 Re6 17.
Ne2 Rh6 18. Ng3 Qf6 19. Ne5 Nxe5 20. dxe5 Bxe5 21. Bxe5 Qxe5 22. f4 Qf6 23. Bxe4 dxe4 24. Rxc7 Qh4 25. Kf2 Rd8 26. Rd7 Rb8 27. Qd4 Rc6 28.
Rd1 g5 29. Rd8+ Rxd8 30. Qxd8+ Kg7 31. Kg1 Rf6 32. Rd6 gxf4 33. Qxf6+ Qxf6 34. Nh5+ 1-0

[Event "*** Titled Tuesday Blitz"]
[Site "Chess.com"]
[Date "2018.04.03"]
[Round "3"]
[White "Yaacovn"]
[Black "Danny_The_Donkey"]
[Result "0-1"]
[WhiteElo "2633"]
[BlackElo "2662"]
[TimeControl "180+2"]
[EndTime "13:35:12 PDT"]
[Termination "Danny_The_Donkey won by resignation"]

1. d4 Nf6 2. Nf3 e6 3. c4 Bb4+ 4. Bd2 a5 5. g3 O-O 6. Bg2 d5 7. cxd5 exd5 8. O-O Bd6 9. Nc3 c6 10. Rc1 Re8 11. Ne5 Bxe5 12. dxe5 Rxe5 13. Bf4 Re8 14.
e4 dxe4 15. Qxd8 Rxd8 16. Rfd1 Re8 17. Nxe4 Nxe4 18. Bxe4 Be6 19. a3 Nd7 20. Bf3 Nb6 21. h4 Bd5 22. Bg4 Nc4 23. Rc2 Ne5 24. Bxe5 Bb3 25.
Rc5 Bxd1 26. Bxd1 b6 27. Rxc6 Rxe5 28. Bf3 Rb8 29. Rc7 g6 30. a4 b5 31. b3 bxa4 32.
bxa4 Rb4 33. Rd7 Rxa4 34. Bd5 Rf5 35. f4 h5 36. Kg2 Kg7 37. Bf3 Ra2+ 38. Kh3 a4 39.
Ra7 Rc5 40. g4 Rc3 41. Kg3 Raa3 0-1

[Event "*** Titled Tuesday Blitz"]
[Site "Chess.com"]
[Date "2018.04.03"]
[Round "3"]
[White "MITerryble"]
[Black "igorkovalenko"]
[Result "0-1"]
[WhiteElo "2650"]
[BlackElo "2702"]
[TimeControl "180+2"]
[EndTime "13:35:13 PDT"]
[Termination "igorkovalenko won by resignation"]

1. d4 Nf6 2. Nf3 e6 3. c4 c5 4. g3 cxd4 5. Nxd4 d5 6. Bg2 e5 7. Nf3 d4 8. O-O Nc6 9. e3 Be7 10. exd4 exd4 11. Na3 O-O 12. Nc2 Bc5 13. Nce1 Qb6 14.
Nd3 Bf5 15. Nxc5 Qxc5 16. b3 Rfe8 17. Bb2 Rad8 18. Re1 Be4 19. Nh4 Bxg2 20. Kxg2 Ne5 21. Nf3 Qc6 22. h3 h5 23. Bc1 Ne4 24. Nxe5 Rxe5 25.
Qf3 d3 26. Bf4 Re6 27. Rad1 h4 28. g4 Rd4 29. g5 Nc3 30. Qxc6 bxc6 31. Rxe6 fxe6 32.
Be5 Nxd1 33. Bxd4 d2 34. Kf3 Nc3 0-1

[Event "*** Titled Tuesday Blitz"]
[Site "Chess.com"]
[Date "2018.04.03"]
[Round "3"]
[White "Batica1984"]
[Black "Hikaru"]
[Result "0-1"]
[WhiteElo "2606"]
[BlackElo "2992"]
[TimeControl "180+2"]
[EndTime "13:35:17 PDT"]
[Termination "Hikaru won by resignation"]

1. e4 e5 2. Nf3 Nc6 3. Nc3 Nf6 4. Bb5 Nd4 5. Bc4 Bc5 6. d3 d6 7. Na4 Bg4 8. Nxc5 dxc5 9. Bxf7+ Kxf7 10. Nxe5+ Kf8 11.
Nxg4 Nxg4 12. c3 Qh4 13. g3 Qf6 14. Qxg4 Nc2+ 15. Ke2 Nxa1 16. Be3 b6 17. Rxa1 h6 18. f4 Re8 19. e5 Qc6 20. Qf3 Qb5 21.
b3 Qd7 22. Rd1 Qh3 23. d4 cxd4 24.
cxd4 Qxh2+ 25. Bf2 Qh3 26. d5 Qf5 27. Rc1 Re7 28.
g4 Qd7 29. Rc6 h5 30. e6 hxg4 31. Qe4 Qe8 32. Qf5+ Kg8 33. Qe5 Rh2 34. f5 g3 35.
Qxg3 Qh5+ 36. Kf1 Qd1+ 37. Be1 Rh1+ 38. Kg2 Qxd5+ 0-1

[Event "*** Titled Tuesday Blitz"]
[Site "Chess.com"]
[Date "2018.04.03"]
[Round "3"]
[White "2L8IWUN"]
[Black "ilmago"]
[Result "0-1"]
[WhiteElo "2091"]
[BlackElo "1927"]
[TimeControl "180+2"]
[EndTime "13:35:19 PDT"]
[Termination "ilmago won by resignation"]

1. e4 c5 2. Nf3 d6 3. d4 cxd4 4.
Nxd4 Nf6 5. Nc3 e6 6. g4 h6 7. h4 Nc6 8. Rg1 d5 9. exd5 Nxd5 10.
Nxd5 Qxd5 11. Bg2 Qe5+ 12. Be3 Nxd4 13. Qxd4 Qxd4 14. Bxd4 f6 15. f4 Bd6 16. Be3 Ke7 17.
O-O-O Rb8 18. Kb1 b6 19. Rd2 Bb7 20. Rgd1 Rhd8 21. Bxb7 Rxb7 22. g5 hxg5 23. hxg5 Rbd7 24. gxf6+ gxf6 25. Bd4 e5 26. Bc3 exf4 27. Re2+ Be5 28. Rxd7+ Rxd7 29. Kc1 Ke6 30. Bd2 Kf5 31. c3 Rh7 32. Kc2 f3 33. Rf2 Ke4 34. a4 Rh1 35. a5 Bg3 36. Rxf3 0-1

[Event "*** Titled Tuesday Blitz"]
[Site "Chess.com"]
[Date "2018.04.03"]
[Round "3"]
[White "Bauxi435"]
[Black "amintabatabaei"]
[Result "0-1"]
[WhiteElo "2448"]
[BlackElo "2643"]
[TimeControl "180+2"]
[EndTime "13:35:25 PDT"]
[Termination "amintabatabaei won by checkmate"]

1. d4 e6 2. c4 b6 3. e4 Bb7 4. Bd3 Nc6 5. Ne2 g6 6. f4 Bg7 7. Be3 Nge7 8. O-O f5 9. e5 d6 10. Nbc3 dxe5 11. fxe5 O-O 12. a3 Qd7 13. Bc2 Rad8 14.
Ba4 Qc8 15. Qe1 Na5 16. b3 a6 17. Bg5 Rf7 18. Rd1 c6 19. Nb1 Qc7 20. Bd2 c5 21. dxc5 Qxc5+ 22. Kh1 Qxe5 23. Bxa5 Rxd1 24. Qxd1 bxa5 25.
Nf4 Nc6 26. Qd2 Nd4 27. Re1 Qd6 28. Nxe6 Re7 29. Nxg7 Nf3 30. Nxf5 gxf5 31. Rxe7 Nxd2 32. Re8+ Kg7 33. Nxd2 Qxd2 34. h3 Qxg2# 0-1

[Event "*** Titled Tuesday Blitz"]
[Site "Chess.com"]
[Date "2018.04.03"]
[Round "3"]
[White "Triumphmate"]
[Black "kikydu96"]
[Result "0-1"]
[WhiteElo "2158"]
[BlackElo "2365"]
[TimeControl "180+2"]
[EndTime "13:35:25 PDT"]
[Termination "kikydu96 won by checkmate"]

1. e4 e5 2. Nf3 Nc6 3. Nc3 Nf6 4. Bb5 d6 5. O-O Bd7 6. d3 g6 7. Bg5 h6 8. Bd2 Bg7 9. Qc1 a6 10. Bc4 b5 11. Bb3 Nd4 12. Nxd4 exd4 13. Ne2 c5 14. f4 O-O 15. e5 dxe5 16. fxe5 Ng4 17. a4 Qh4 18. h3 Bxe5 19. Bf4 g5 20. Bxe5 Nxe5 21. Bd5 Rad8 22. Be4 Kh8 23. Rf6 Kg7 24. Qf1 g4 25. Qf4 Qxf6 26. Qg3 Kh8 27. Rf1 Qg7 28. Nf4 gxh3 29. Qh4 f5 30. Bd5 Rde8 31.
Re1 Ng4 32. Rxe8 Rxe8 33. Qh5 Re1# 0-1

[Event "*** Titled Tuesday Blitz"]
[Site "Chess.com"]
[Date "2018.04.03"]
[Round "3"]
[White "Keranke"]
[Black "x-3738459472"]
[Result "1-0"]
[WhiteElo "2619"]
[BlackElo "2454"]
[TimeControl "180+2"]
[EndTime "13:35:26 PDT"]
[Termination "Keranke won by resignation"]

1. d4 d5 2. Bf4 Nf6 3. e3 e6 4. Nf3 Bd6 5. Ne5 c5 6. c3 Nc6 7.
Nd2 Qc7 8. Ndf3 Nd7 9. Nxd7 Bxd7 10. Bg3 Ne7 11. Bd3 c4 12. Bc2 Bc6 13. Ne5 Ng6 14. f4 Bxe5 15. fxe5 O-O-O 16. O-O Rhf8 17. b3 cxb3 18. axb3 Qb6 19. c4 a6 20. c5 Qc7 21.
Bd3 Qd7 22. Ra5 Ne7 23. b4 Nf5 24. Bf2 Kc7 25. Qe2 Ra8 26. Rb1 Rfb8 27. Be1 Kd8 28. b5 axb5 29. Bxb5 Rxa5 30. Bxa5+ Ke8 31. Bd3 Kf8 32.
g4 Ne7 33. h4 Kg8 34. Rf1 Ra8 35. Be1 Ng6 36. h5 Nf8 37. h6 Ra3 38. hxg7 Ng6 39. Bxg6 hxg6 40. Qh2 Kxg7 41. Bh4 f5 42. Bf6+ 1-0

[Event "*** Titled Tuesday Blitz"]
[Site "Chess.com"]
[Date "2018.04.03"]
[Round "3"]
[White "Manukyan_Artak"]
[Black "bascheyaro"]
[Result "0-1"]
[WhiteElo "2388"]
[BlackElo "2616"]
[TimeControl "180+2"]
[EndTime "13:35:27 PDT"]
[Termination "bascheyaro won by resignation"]

1. e4 e6 2. d4 d5 3. e5 c5 4.
c3 Qb6 5. Nf3 Bd7 6. a3 Bb5 7. c4 Bxc4 8. Bxc4 dxc4 9. Nbd2 cxd4 10. Nxc4 Qa6 11. Qxd4 Nc6 12. Nd6+ Bxd6 13. Qxd6 Rd8 14.
Qc5 Nge7 15. Bg5 Rd5 16. Qc3 O-O 17. Bxe7 Nxe7 18. Rd1 Rxd1+ 19. Kxd1 Rc8 20. Qd2 Qb6 21. Ke1 Rd8 22. Qc2 Ng6 23. g3 h5 24. Kf1 Qb5+ 25. Kg2 Nxe5 26. Nxe5 Qxe5 27. Rd1 Rxd1 28. Qxd1 Qd5+ 29.
Qxd5 exd5 30. Kf3 f6 31. Kf4 Kf7 32. h4 Ke6 33. b4 a6 34. a4 b6 35. f3 g6 36. g4 a5 37. bxa5 bxa5 38. g5 fxg5+ 39. Kxg5 d4 40. Kf4 Kd5 0-1

[Event "*** Titled Tuesday Blitz"]
[Site "Chess.com"]
[Date "2018.04.03"]
[Round "3"]
[White "VerdeNotte"]
[Black "Rodalquilar"]
[Result "1-0"]
[WhiteElo "2637"]
[BlackElo "2444"]
[TimeControl "180+2"]
[EndTime "13:35:28 PDT"]
[Termination "VerdeNotte won on time"]

1. b3 d5 2. Bb2 Bf5 3. Nf3 e6 4. g3 Nf6 5. d3 h6 6. Bg2 Be7 7.
O-O O-O 8. Nbd2 Bh7 9. Qe1 c5 10. e4 Nc6 11. Ne5 Nxe5 12. Bxe5 Re8 13. Qe2 Rc8 14.
Rae1 b5 15. c4 bxc4 16. dxc4 d4 17. Bxf6 Bxf6 18. e5 Be7 19. Be4 Bxe4 20. Nxe4 a5 21. Qd3 Qd7 22. f4 a4 23. g4 axb3 24. axb3 Rb8 25.
f5 exf5 26. gxf5 Bh4 27. Ng3 Bxg3 28. Qxg3 d3 29. f6 Qd4+ 30. Kh1 g5 31. e6 d2 32. exf7+ Kxf7 33. Re7+ Kf8 34. Qc7 1-0

[Event "*** Titled Tuesday Blitz"]
[Site "Chess.com"]
[Date "2018.04.03"]
[Round "3"]
[White "XiaoKangZhong"]
[Black "codapbg94"]
[Result "0-1"]
[WhiteElo "2032"]
[BlackElo "2052"]
[TimeControl "180+2"]
[EndTime "13:35:29 PDT"]
[Termination "codapbg94 won by checkmate"]

1. e4 c5 2. Nf3 d6 3. Bb5+ Bd7 4. Bxd7+ Qxd7 5. O-O Nc6 6. c3 Nf6 7. Qe2 e6 8. Rd1 Be7 9. d4 cxd4 10. cxd4 d5 11. e5 Ne4 12. Ne1 f6 13. f3 Ng5 14. Bxg5 fxg5 15. Nc3 O-O 16. Rac1 Rac8 17. Nc2 Rf4 18. Qd2 Rcf8 19. Ne2 R4f7 20. Ne3 h6 21. a3 Bd8 22. b4 a6 23. Re1 Bb6 24. Kh1 Rc8 25. Nc2 Rcf8 26.
Na1 Rf5 27. Nb3 Qf7 28. Nc5 Bxc5 29. bxc5 Qg6 30. Rb1 R8f7 31. Rb6 g4 32. f4 Qh7 33. Rf1 g5 34. Ng3 Rxf4 35. Rxf4 Rxf4 36. Rxc6 Qb1+ 37.
Nf1 Rxf1# 0-1

[Event "*** Titled Tuesday Blitz"]
[Site "Chess.com"]
[Date "2018.04.03"]
[Round "3"]
[White "Zufi1811"]
[Black "DanielRensch"]
[Result "1-0"]
[WhiteElo "2455"]
[BlackElo "2439"]
[TimeControl "180+2"]
[EndTime "13:35:32 PDT"]
[Termination "Zufi1811 won by checkmate"]

1. e4 c5 2. Nf3 d6 3. d4 cxd4 4. Nxd4 Nf6 5. Nc3 a6 6. h3 e6 7.
g4 Nc6 8. Be3 Be7 9. g5 Nd7 10. h4 O-O 11. Qd2 Nde5 12. Be2 b5 13. a3 Bb7 14. f4 Nxd4 15. Bxd4 Nc6 16. Be3 Rc8 17. h5 d5 18. exd5 exd5 19. Nxd5 Ne5 20. O-O-O Nc4 21. Bxc4 Rxc4 22. h6 Bxd5 23. Qxd5 Qxd5 24.
Rxd5 Rfc8 25. c3 Bxa3 26. bxa3 Rxc3+ 27. Kd2 Rc2+ 28. Kd3 R8c3+ 29. Ke4 f5+ 30. gxf6 Re2 31. Rh3 gxf6 32. Rd7 f5+ 33. Kd4 Rc4+ 34. Ke5 Re4+ 35. Kf6 R4xe3 36. Rxe3 Rxe3 37. Rd8+ Re8 38. Rxe8# 1-0

[Event "*** Titled Tuesday Blitz"]
[Site "Chess.com"]
[Date "2018.04.03"]
[Round "3"]
[White "GM_dmitrij"]
[Black "popov_m"]
[Result "1-0"]
[WhiteElo "2689"]
[BlackElo "2434"]
[TimeControl "180+2"]
[EndTime "13:35:34 PDT"]
[Termination "GM_dmitrij won by checkmate"]

1. e4 g6 2. d4 Bg7 3. Nc3 d6 4. f4 Nf6 5. Nf3 O-O 6. e5 dxe5 7. fxe5 Nd5 8. Bc4 Nxc3 9. bxc3 c5 10. O-O Nc6 11. Ng5 e6 12. Be3 Ne7 13. Ne4 Nf5 14.
Bg5 Qa5 15. g4 b5 16. Bd3 c4 17. Be2 Bb7 18. Bf3 Bxe4 19. Bxe4 Qxc3 20. gxf5 Rac8 21. f6 Bh8 22. Qd2 Qa3 23. c3 b4 24. cxb4 Rfd8 25. Qe3 Qxb4 26. Rab1 Qa5 27. Rfc1 Qxa2 28. Ra1 Qb2 29. Qc3 Qxc3 30. Rxc3 Rxd4 31. Bb7 Rc7 32. Rxa7 Rd8 33. Ra8 Rxa8 34. Bxa8 Rc5 35. Bf4 g5 36. Bg3 h5 37. h3 Kh7 38. Be4+ Kh6 39. h4 Rc8 40.
Kg2 Rc5 41. Kf3 g4+ 42. Ke3 Bxf6 43. exf6 e5 44. Ke2 Rb5 45. Bf2 Rb2+ 46. Rc2 Rxc2+ 47.
Bxc2 g3 48. Be3# 1-0

[Event "*** Titled Tuesday Blitz"]
[Site "Chess.com"]
[Date "2018.04.03"]
[Round "3"]
[White "BogdanDeac"]
[Black "jncool68"]
[Result "0-1"]
[WhiteElo "2700"]
[BlackElo "2520"]
[TimeControl "180+2"]
[EndTime "13:35:48 PDT"]
[Termination "jncool68 won by resignation"]

1. d4 Nf6 2. Bg5 d5 3. Nd2 c5 4.
dxc5 Nc6 5. c3 e6 6. Nb3 Be7 7.
Bxf6 Bxf6 8. e3 O-O 9. Nf3 a5 10.
a4 e5 11. Be2 Be6 12. O-O Be7 13. Bb5 Qc7 14. Qc2 f5 15. Rfe1 Rad8 16. Rad1 Bf6 17. Nc1 g5 18. Nd2 g4 19. Bxc6 bxc6 20. b4 Bg7 21. Nd3 h5 22. b5 h4 23. b6 Qf7 24. f4 gxf3 25. gxf3 d4 26. cxd4 exd4 27. Kh1 dxe3 28. Rxe3 Bh6 29. Re2 Bd5 30. Ne5 Qh5 31. Qc3 Kh7 32. Rf1 Rg8 33. Ndc4 Rg7 34. Ne3 Be6 35. Nxc6 Rdg8 36. Qe5 Bc8 37. Nd5 Qxf3+ 0-1

[Event "*** Titled Tuesday Blitz"]
[Site "Chess.com"]
[Date "2018.04.03"]
[Round "3"]
[White "FearNoEvil12"]
[Black "RandomOracle"]
[Result "0-1"]
[WhiteElo "1974"]
[BlackElo "2152"]
[TimeControl "180+2"]
[EndTime "13:35:48 PDT"]
[Termination "RandomOracle won by resignation"]

1. e4 c6 2. d4 d5 3. Nc3 dxe4 4. Nxe4 Nd7 5. Ng3 Ngf6 6. Bc4 Qc7 7. N1e2 e6 8. O-O Bd6 9. f4 c5 10. f5 cxd4 11. fxe6 Qxc4 12. exd7+ Bxd7 13. Bf4 Bc5 14. Kh1 O-O 15. Nc1 Nd5 16. Nd3 Nxf4 17. Rxf4 Bd6 18.
Rh4 Rae8 19. Qh5 h6 20. Nf5 Bxf5 21. Qxf5 Re6 22. Qf2 Rf6 23. Qd2 Re8 24. b3 Qd5 25. h3 a5 26. Rg4 b6 27. a4 Rfe6 28. Rf1 f5 29. Nf4 Bxf4 30. Rgxf4 Re2 0-1

[Event "*** Titled Tuesday Blitz"]
[Site "Chess.com"]
[Date "2018.04.03"]
[Round "3"]
[White "kjzsdu"]
[Black "biostatistician"]
[Result "1/2-1/2"]
[WhiteElo "2429"]
[BlackElo "2454"]
[TimeControl "180+2"]
[EndTime "13:35:49 PDT"]
[Termination "Game drawn by repetition"]

1. e4 e6 2. d4 d5 3. Nc3 Nf6 4. Bg5 Be7 5. e5 Ne4 6. Bxe7 Qxe7 7. Nxe4 dxe4 8. c3 O-O 9. Qc2 f5 10. h4 c5 11. Ne2 Nc6 12. a3 cxd4 13. cxd4 Bd7 14.
Qd2 Rfd8 15. O-O-O Rac8 16. Nc3 Na5 17. Kb1 Nb3 18. Qe3 f4 19. Qh3 e3 20. Ne4 Bc6 21.
Nd6 Nd2+ 22. Ka1 Ba4 23. Bd3 Bxd1 24. Rxd1 Nb3+ 25. Kb1 Nd2+ 26. Ka1 Nb3+ 27. Kb1 Nd2+ 28. Ka1 1/2-1/2

[Event "*** Titled Tuesday Blitz"]
[Site "Chess.com"]
[Date "2018.04.03"]
[Round "3"]
[White "GMAkobianSTL"]
[Black "dolynachess"]
[Result "1-0"]
[WhiteElo "2634"]
[BlackElo "2404"]
[TimeControl "180+2"]
[EndTime "13:35:53 PDT"]
[Termination "GMAkobianSTL won by resignation"]

1. d4 Nf6 2. c4 c5 3. d5 b5 4.
cxb5 a6 5. bxa6 Bxa6 6. Nc3 d6 7. e4 Bxf1 8. Kxf1 Nbd7 9. Nge2 g6 10. h3 Bg7 11.
Kg1 O-O 12. Kh2 Qa5 13. Qc2 Rfb8 14. Rb1 Ne8 15. Bg5 Kf8 16. Qd2 Nc7 17. Bh6 Nb5 18. Bxg7+ Kxg7 19. Rhd1 Rb7 20. Nxb5 Qxd2 21. Rxd2 Rxb5 22.
b3 Ra3 23. Nc3 Rb4 24. Rc1 c4 25. Nb1 Ra5 26. Rxc4 Rxc4 27. bxc4 Ra4 28. Rc2 Nc5 29. f3 Kf6 30. Nd2 Ra3 31. Nb3 Nxb3 32. axb3 Rxb3 33. c5 dxc5 34. Rxc5 g5 35. Rc6+ Kg7 36. h4 h6 37.
Kh3 f6 38. h5 Rb1 39. Kg4 Rh1 40. g3 Kf7 41. Rc7 Ke8 42. Kf5 Kd8 43. Ra7 Rxh5 44.
Ke6 g4 45. f4 Rh3 46. Ra8+ Kc7 47. Kxe7 Rxg3 48. d6+ 1-0

[Event "*** Titled Tuesday Blitz"]
[Site "Chess.com"]
[Date "2018.04.03"]
[Round "3"]
[White "PowerThinking2650"]
[Black "Yurovskykh_Oleksandr"]
[Result "0-1"]
[WhiteElo "2229"]
[BlackElo "2365"]
[TimeControl "180+2"]
[EndTime "13:35:55 PDT"]
[Termination "Yurovskykh_Oleksandr won by resignation"]

1. e4 c5 2. Nf3 e6 3. d4 cxd4 4. Nxd4 Nc6 5. Nb5 d6 6. N1c3 a6 7. Nd4 Nf6 8. Nxc6 bxc6 9. Bd3 Be7 10. O-O O-O 11. f4 d5 12. e5 Nd7 13. Na4 a5 14. c4 Ba6 15. b3 f5 16. cxd5 cxd5 17. Be3 Qb8 18. Qe2 Bxd3 19. Qxd3 Rc8 20. Rfc1 Qb7 21.
h3 Ba3 22. Rf1 Qa6 23. Qd2 Nc5 24. Nxc5 Bxc5 25. Bxc5 Rxc5 26. Rac1 Rac8 27. Rxc5 Rxc5 28. Rc1 Qc6 29. Rxc5 Qxc5+ 30. Kh2 Kf7 31. Qd3 h6 32. Qa6 Qf2 33. Qb7+ Kg6 34. Qc6 Qxf4+ 35. Kg1 Qxe5 36. Qe8+ Kh7 37. Qb5 Qe3+ 38. Kh2 d4 39. Qxa5 d3 40. Qc3 Qf4+ 41. Kg1 d2 42. Qd3 e5 43. g3 Qd4+ 44. Qxd4 exd4 0-1

[Event "*** Titled Tuesday Blitz"]
[Site "Chess.com"]
[Date "2018.04.03"]
[Round "3"]
[White "Saitama_Hero"]
[Black "toad"]
[Result "0-1"]
[WhiteElo "2131"]
[BlackElo "2260"]
[TimeControl "180+2"]
[EndTime "13:35:56 PDT"]
[Termination "toad won by resignation"]

1. d4 Nf6 2. c4 g6 3. Nc3 d5 4. Nf3 Bg7 5. Qb3 dxc4 6. Qxc4 O-O 7. e4 a6 8. Be2 b5 9. Qb3 c5 10. dxc5 Bb7 11. e5 Nd5 12. O-O Nxc3 13. Qxc3 Qc7 14. Bf4 Nd7 15. Rac1 Rac8 16. b4 Nb6 17. Bg3 Nd5 18.
Qa3 e6 19. c6 Bxc6 20. Nd4 Qb7 21. Rc5 Bd7 22. Rfc1 Rxc5 23. bxc5 Ne7 24. Bf3 Nc6 25. Rd1 Rc8 26. Qd3 Qc7 27. Nxc6 Bxc6 28. Qd6 Bxf3 29.
Qxc7 Rxc7 30. Rd8+ Bf8 31. gxf3 Kg7 32. Bh4 Bxc5 33.
Bf6+ Kh6 34. Kg2 Be7 35. Rd4 Bxf6 36. exf6 Kg5 37. Rd6 Ra7 38. f4+ Kxf6 39. Rb6 Ke7 40. Kf3 Kd7 41. Ke4 Kc7 0-1

[Event "*** Titled Tuesday Blitz"]
[Site "Chess.com"]
[Date "2018.04.03"]
[Round "3"]
[White "DrZeiss"]
[Black "mokerslag"]
[Result "1-0"]
[WhiteElo "2216"]
[BlackElo "2403"]
[TimeControl "180+2"]
[EndTime "13:35:56 PDT"]
[Termination "DrZeiss won by resignation"]

1. e4 c5 2. Nf3 Nc6 3. d4 cxd4 4. Nxd4 g6 5. Nc3 Bg7 6. Nde2 Nf6 7. g3 O-O 8. Bg2 d6 9. O-O Rb8 10. a4 a6 11. h3 b5 12. axb5 axb5 13. Nd5 Nxd5 14. exd5 Ne5 15. Ra2 Bf5 16. b3 h5 17. Nd4 Bc8 18.
f4 Qb6 19. Be3 Nd7 20. Re1 Bxd4 21. Bxd4 Qd8 22. f5 Ne5 23. Bxe5 dxe5 24. fxg6 fxg6 25. Rxe5 Qb6+ 26. Kh2 Rf2 27. Qe1 Bb7 28. Qe4 Rbf8 29. Rg5 Rxg2+ 30. Qxg2 Rf2 31. Rxg6+ Qxg6 32. Qxf2 Bxd5 33.
Ra7 Qe4 34. Ra1 Qd4 35. Qxd4 1-0

[Event "*** Titled Tuesday Blitz"]
[Site "Chess.com"]
[Date "2018.04.03"]
[Round "3"]
[White "Keaton87"]
[Black "pulvettd"]
[Result "1-0"]
[WhiteElo "2461"]
[BlackElo "2428"]
[TimeControl "180+2"]
[EndTime "13:35:58 PDT"]
[Termination "Keaton87 won on time"]

1. d4 Nf6 2. Nf3 g6 3. Bf4 Bg7 4. e3 O-O 5. Be2 d6 6. O-O c6 7. h3 Nbd7 8. c4 a6 9. Nc3 b5 10.
a3 Bb7 11. Rc1 bxc4 12. Bxc4 c5 13. d5 Nb6 14. Ba2 c4 15. e4 Nfd7 16. Qe2 Rc8 17. Rfd1 Nc5 18. Bxc4 Nxe4 19. Nxe4 Nxc4 20. Rxc4 Qb6 21.
Rxc8 Rxc8 22. Nc3 Qb3 23. Nd4 Qb6 24. Nc6 Re8 25. Bxd6 e6 26. Na4 Qb3 27. Nc5 Qb6 28. Nxb7 Qxb7 29. Bb4 Qd7 30. Ne5 exd5 31. Nxd7 Rxe2 32.
Rxd5 Rxb2 33. Nc5 Bh6 34. Rd8+ Kg7 35. Bc3+ f6 36. Bxb2 Kf7 37. Rd7+ Ke8 38. Rxh7 1-0

[Event "*** Titled Tuesday Blitz"]
[Site "Chess.com"]
[Date "2018.04.03"]
[Round "3"]
[White "amiralfio"]
[Black "ST-Sandavagur"]
[Result "1/2-1/2"]
[WhiteElo "2268"]
[BlackElo "2430"]
[TimeControl "180+2"]
[EndTime "13:36:02 PDT"]
[Termination "Game drawn by repetition"]

1. Nf3 Nf6 2. d4 g6 3. c4 Bg7 4. Nc3 O-O 5. e4 d6 6. h3 e5 7.
d5 Nbd7 8. g4 Nc5 9. Qc2 a5 10.
Be3 Ne8 11. Nd2 f5 12. g5 Na6 13. exf5 gxf5 14. f4 e4 15. O-O-O c6 16. h4 Nec7 17.
h5 cxd5 18. cxd5 b5 19. Nxb5 Nxb5 20. Bxb5 Nb4 21. Qb3 Bd7 22. Bxd7 Qxd7 23. h6 Nd3+ 24. Kb1 Bxb2 25. Nc4 Rfb8 26. Nb6 Qc7 27. Rxd3 exd3 28.
Qxb2 Ra6 29. Rc1 Raxb6 30. Bxb6 Qxb6 31. Rc8+ Kf7 32. Rxb8 d2 33. Rb7+ Kg6 34. Kc2 Qc5+ 35. Kxd2 Qxd5+ 36. Kc2 Qe4+ 37. Kc3 Qf3+ 38. Kc2 Qe4+ 39.
Kc3 Qf3+ 40. Kd4 Qe4+ 41. Kc3 Qf3+ 1/2-1/2

[Event "*** Titled Tuesday Blitz"]
[Site "Chess.com"]
[Date "2018.04.03"]
[Round "3"]
[White "michaelk123"]
[Black "2Tilted"]
[Result "1-0"]
[WhiteElo "2375"]
[BlackElo "2274"]
[TimeControl "180+2"]
[EndTime "13:36:02 PDT"]
[Termination "michaelk123 won by resignation"]

1. e4 c5 2. Nf3 e6 3. g3 Nc6 4.
Bg2 a6 5. O-O Nge7 6. c3 d5 7. d3 g6 8. Nbd2 Bg7 9. Qe2 O-O 10.
h4 b5 11. Re1 Bb7 12. e5 Qb6 13. Nf1 h5 14. Bg5 Nf5 15. Ne3 Nxe3 16. Qxe3 d4 17. Qf4 Rfe8 18. Bf6 Bf8 19. Ng5 Ne7 20. Be4 Nf5 21.
g4 hxg4 22. h5 Bxe4 23. dxe4 Nh6 24. Kg2 Ra7 25. Rh1 Qc6 26. Rh4 d3 27. Rah1 Nf5 28.
Qxg4 Nxh4+ 29. Qxh4 Bg7 30. hxg6 fxg6 31. Qh8+ 1-0

[Event "*** Titled Tuesday Blitz"]
[Site "Chess.com"]
[Date "2018.04.03"]
[Round "3"]
[White "Kimster98"]
[Black "Chesscoach_Golichenko"]
[Result "0-1"]
[WhiteElo "2591"]
[BlackElo "2485"]
[TimeControl "180+2"]
[EndTime "13:36:07 PDT"]
[Termination "Chesscoach_Golichenko won by resignation"]

1. Nf3 Nf6 2. c4 b6 3. g3 Bb7 4.
Bg2 e6 5. O-O Be7 6. d4 O-O 7. Nc3 Ne4 8. Bd2 f5 9. d5 Bf6 10. Rc1 Na6 11. a3 Nac5 12. b4 Nxc3 13. Bxc3 Ne4 14. Be5 a5 15. Qd4 axb4 16. axb4 Ra2 17.
Bxf6 Qxf6 18. Qxf6 Nxf6 19. Nd4 e5 20. Nxf5 Rxe2 21.
Rfe1 Rxe1+ 22. Rxe1 d6 23. Ne3 Ra8 24. c5 bxc5 25. bxc5 Ra5 26. Rb1 Ba6 27. cxd6 cxd6 28. h4 Rb5 29. Ra1 Bb7 30. Nf5 Rb6 31. Rc1 g6 32.
Ne3 Ne8 33. Nc4 Rb5 34. Ne3 Kf8 35. Bf1 Rc5 36. Bg2 Rxc1+ 0-1